[Event "Late-Titled-Tuesday-Blitz-February-27-2024"]
[Site "Chess.com"]
[Date "2024.02.27"]
[Round "9"]
[White "kai_nov"]
[Black "KorolDimitriy75"]
[Result "1-0"]
[WhiteElo "2337"]
[BlackElo "2434"]
[TimeControl "180+1"]
[EndTime "15:43:44 PST"]
[Termination "kai_nov won on time"]

1. d4 Nf6 2. c4 c5 3. d5 b5 4.
cxb5 a6 5. bxa6 g6 6. Nc3 Bxa6 7.
e4 Bxf1 8. Kxf1 d6 9. Nf3 Bg7 10.
h3 O-O 11. Kg1 Na6 12. Kh2 Qa5 13. Re1 Nb4 14. Re2 Qa6 15. Kh1 Rfb8 16. e5 Nfxd5 17. Nxd5 Nxd5 18. exd6 Qxd6 19. Bg5 e6 20. b3 Bxa1 21.
Qxa1 Rxb3 22. Bh6 Nc3 23. Rd2 Qb8 24. Rd1 Rxa2 25. Qc1 Rb1 26. Qxc3 Rxd1+ 27. Ne1 e5 28. Kh2 Raa1 29. Nc2 1-0

[Event "Late-Titled-Tuesday-Blitz-February-27-2024"]
[Site "Chess.com"]
[Date "2024.02.27"]
[Round "9"]
[White "GMVignirVatnar"]
[Black "rasmussvane"]
[Result "0-1"]
[WhiteElo "2730"]
[BlackElo "2938"]
[TimeControl "180+1"]
[EndTime "15:43:45 PST"]
[Termination "rasmussvane won by resignation"]

1. d4 d5 2. c4 e6 3. g3 dxc4 4.
Bg2 a6 5. Nf3 b5 6. Ne5 c6 7. a4 Bb7 8. O-O Nf6 9. Nc3 Be7 10.
axb5 axb5 11. Rxa8 Bxa8 12. Nxb5 cxb5 13. Bxa8 O-O 14.
Bg2 Qb6 15. e3 Nbd7 16. Nc6 Bd6 17. Bd2 Rc8 18. Nb4 h6 19. Qc2 e5 20. Bc3 Bxb4 21. Bxb4 exd4 22. exd4 Qxd4 23. Rd1 Qb6 24. Bh3 Qb7 25.
Qf5 Re8 26. Rxd7 Nxd7 27. Qxd7 Qxd7 28. Bxd7 Re2 29. Bc3 b4 30. Kf1 Re7 31. Bb5 bxc3 32. bxc3 Re4 33. Bc6 Re5 34. Bb7 Kf8 35. Ba6 Rc5 36.
Ke2 Ke7 37. Ke3 Kd6 38. Kd4 Rd5+ 39. Kxc4 Rd2 0-1

[Event "Late-Titled-Tuesday-Blitz-February-27-2024"]
[Site "Chess.com"]
[Date "2024.02.27"]
[Round "9"]
[White "rhwr"]
[Black "ArturoCaceres"]
[Result "0-1"]
[WhiteElo "2327"]
[BlackElo "2451"]
[TimeControl "180+1"]
[EndTime "15:43:49 PST"]
[Termination "ArturoCaceres won on time"]

1. e4 b6 2. d4 Bb7 3. Bd3 e6 4.
Nf3 d5 5. e5 Ba6 6. O-O Bxd3 7.
Qxd3 Ne7 8. Bg5 h6 9. Bh4 Qc8 10. g4 Qa6 11. Qe3 Ng6 12. Bg3 h5 13. gxh5 Rxh5 14. b3 Be7 15. c4 dxc4 16. bxc4 Qxc4 17. Rc1 Qd5 18. Nc3 Qd7 19. Qe4 c6 20. a4 Na6 21.
a5 bxa5 22. Rxa5 Nc7 23. Na4 Nd5 24. Ra6 Rc8 25. Nc5 Bxc5 26. Rxc5 Nge7 27. Qb1 Nf5 28.
Qc1 Nde7 29. Qa3 Rc7 30. Qa4 g5 31. Nd2 Rh6 32. Ne4 Kf8 33. Nf6 Qxd4 34. Qa5 Rb7 35. Rc1 Kg7 36. Qa4 Qxa4 37. Rxa4 Nd5 0-1

[Event "Late-Titled-Tuesday-Blitz-February-27-2024"]
[Site "Chess.com"]
[Date "2024.02.27"]
[Round "9"]
[White "ozates"]
[Black "ameetghasi100"]
[Result "0-1"]
[WhiteElo "2619"]
[BlackElo "2762"]
[TimeControl "180+1"]
[EndTime "15:43:52 PST"]
[Termination "ameetghasi100 won by resignation"]

1. e4 g6 2. d4 Bg7 3. Nc3 d6 4. f4 e6 5. Nf3 Ne7 6. Bd3 O-O 7. O-O Nd7 8. e5 c5 9. exd6 Nc6 10. dxc5 Nxc5 11. Ne4 Nxe4 12. Bxe4 Qb6+ 13. Kh1 Rd8 14. c4 Na5 15. Qa4 Bd7 16. Qc2 Rac8 17. Bd3 Qxd6 18. Bd2 Be8 19. Bxa5 Qxd3 20. Qf2 b6 21. Bc3 Bxc3 22.
bxc3 Qxc3 23. Ne5 f6 24. Ng4 h5 25. Ne3 Rd3 26. Rae1 Qd4 27. Qe2 Qe4 28. Qf2 Qc6 29. f5 exf5 30. Nd5 Rxd5 31. cxd5 Qxd5 32. Qg3 Bf7 33.
Re7 a5 34. h3 Rc2 35. Rfe1 f4 36. Qf3 Qxf3 37. gxf3 Bd5 38. Rd1 Bxf3+ 0-1

[Event "Late-Titled-Tuesday-Blitz-February-27-2024"]
[Site "Chess.com"]
[Date "2024.02.27"]
[Round "9"]
[White "ChessFanNM"]
[Black "MiguelEduardoGB"]
[Result "0-1"]
[WhiteElo "2296"]
[BlackElo "2166"]
[TimeControl "180+1"]
[EndTime "15:43:53 PST"]
[Termination "MiguelEduardoGB won on time"]

1. Nf3 Nf6 2. c4 g6 3. Nc3 Bg7 4. e4 O-O 5. d4 d6 6. Be2 Nc6 7. O-O e5 8. d5 Ne7 9. b4 Bg4 10.
Be3 Nd7 11. c5 f5 12. h3 Bxf3 13. Bxf3 f4 14. cxd6 cxd6 15. Bd2 a6 16. a4 Rc8 17.
Bg4 Nf6 18. Bxc8 Qxc8 19. Rc1 Qd7 20. b5 g5 21. Qe2 g4 22. hxg4 Nxg4 23. Qf3 Ng6 24.
Qh3 h5 25. f3 Kf7 26. Qxh5 Nf6 27. Qh3 Qxh3 28. gxh3 Rh8 29. Kh2 Nh5 30. Ne2 Nh4 31.
Rc7+ Kf6 32. Rxb7 Bh6 33. bxa6 Ng3 34. Rf2 Nxe2 35. Rxe2 Nxf3+ 36. Kg2 Nh4+ 37. Kh1 f3 38. Rf2 Bxd2 39. Rxd2 Ng6 40. a7 Rxh3+ 0-1

[Event "Late-Titled-Tuesday-Blitz-February-27-2024"]
[Site "Chess.com"]
[Date "2024.02.27"]
[Round "9"]
[White "ProChessWICTH"]
[Black "GMKrikor"]
[Result "1-0"]
[WhiteElo "2595"]
[BlackElo "2848"]
[TimeControl "180+1"]
[EndTime "15:43:54 PST"]
[Termination "ProChessWICTH won by resignation"]

1. d4 Nf6 2. c4 g6 3. Nc3 d5 4.
e3 Bg7 5. Nf3 O-O 6. b3 c5 7.
Bb2 cxd4 8. Nxd4 e5 9. Nc2 d4 10. exd4 exd4 11. Qxd4 Qa5 12. b4 Qg5 13. Ne3 Nc6 14.
Qd2 Nxb4 15. Be2 Be6 16. O-O Rfd8 17. Qe1 Rac8 18. Rd1 Qc5 19. Ba3 a5 20. h3 Qe5 21.
Na4 Ne4 22. Bb2 Qg5 23. Bxg7 Kxg7 24. a3 Nc6 25. Bf3 Nf6 26. Bd5 Bxd5 27. cxd5 Nxd5 28. Rxd5 Rxd5 29. Nxd5 Qxd5 30. Nb6 Qd8 31. Nxc8 Qxc8 32.
Qc3+ Kg8 33. Qf6 h5 34. Rb1 Qd7 35. Qb2 Nd4 36. Qxb7 Ne2+ 37. Kf1 Qd3 38. Qb5 Ng3+ 39. Kg1 Ne2+ 40. Kh1 Qd2 41. Qe5 Qc2 42. Rb8+ 1-0

[Event "Late-Titled-Tuesday-Blitz-February-27-2024"]
[Site "Chess.com"]
[Date "2024.02.27"]
[Round "9"]
[White "szachmistrz2500"]
[Black "Yaacovn"]
[Result "0-1"]
[WhiteElo "2466"]
[BlackElo "2846"]
[TimeControl "180+1"]
[EndTime "15:43:56 PST"]
[Termination "Yaacovn won by checkmate"]

1. d4 Nf6 2. c4 e5 3. dxe5 Ne4 4. Nd2 Bb4 5. a3 Bxd2+ 6. Bxd2 O-O 7. Nf3 Nc6 8. e3 Qe7 9. Bd3 Nc5 10. Be2 Nxe5 11. O-O b6 12. b4 Ne4 13. Nxe5 Qxe5 14. Qc2 Bb7 15. Rad1 d6 16. Bc1 Qc3 17. Bd3 Qxc2 18. Bxc2 a5 19. f3 Nc3 20. Rd2 axb4 21. axb4 Ra2 22.
Bb2 Rxb2 23. Bxh7+ Kxh7 24. Rxb2 Ra8 25. Rc1 Ra3 26.
c5 dxc5 27. bxc5 b5 28. e4 b4 29. Rxb4 Ne2+ 30. Kf2 Nxc1 31. Rxb7 Ra2+ 32. Kg3 Ne2+ 33. Kh3 Nf4+ 34. Kg4 Ne6 35. f4 Nxc5 36. Rxc7 Nxe4 37. Rxf7 Rxg2+ 38. Kf3 Nd6 39. Rd7 Rg6 40. Ra7 Rf6 41.
Kg4 Nf5 42. Ra3 Nh6+ 43. Kf3 Rb6 44. Rc3 Rb7 45. h3 g6 46. Rc6 Nf5 47. Ra6 Kh6 48. Ra8 Rb3+ 49. Kg2 Rg3+ 50. Kh2 Rf3 51. Ra4 Rf2+ 52. Kg1 Rb2 53. Ra8 Nd4 54. Rh8+ Kg7 55. Rd8 Ne2+ 56. Kf2 Nxf4+ 57. Kg3 Nh5+ 58. Kg4 Rb4+ 59.
Kg5 Nf6 60. Ra8 Nh7# 0-1

[Event "Late-Titled-Tuesday-Blitz-February-27-2024"]
[Site "Chess.com"]
[Date "2024.02.27"]
[Round "9"]
[White "Polish_fighter3000"]
[Black "SpeedofLight0"]
[Result "0-1"]
[WhiteElo "3110"]
[BlackElo "3077"]
[TimeControl "180+1"]
[EndTime "15:43:57 PST"]
[Termination "SpeedofLight0 won by checkmate"]

1. d4 Nf6 2. c4 d6 3. Nf3 Nbd7 4. Nc3 e5 5. e4 g6 6. Be2 Bg7 7. O-O O-O 8. Re1 Re8 9. Bf1 exd4 10. Nxd4 Nc5 11. f3 c6 12. Be3 a5 13. Qd2 Be6 14.
b3 Qc7 15. Rad1 Rad8 16. Qf2 Bc8 17. Rd2 Nfd7 18. Red1 Ne5 19. Bg5 f6 20. Be3 Qe7 21. h3 f5 22. Qg3 Nf7 23. Bd3 f4 24. Qxf4 Be5 25. Bc2 Bxf4 26. Bxf4 Ne5 27. Kh2 Ne6 28. Bg3 g5 29. Nf5 Qf6 30. Ne2 h5 31. Nxd6 h4 32. Bf2 Rf8 33. Bb6 Rd7 34. a3 Nf4 35. Ng1 Nh5 36.
Ne2 Ng3 37. Nxg3 hxg3+ 38. Kxg3 Nxf3 39. gxf3 Qxf3+ 40. Kh2 Rh7 41. Kg1 Rxh3 42. Rg2 Rg3 43. Rd2 Qf1+ 44. Kh2 Rh3# 0-1

[Event "Late-Titled-Tuesday-Blitz-February-27-2024"]
[Site "Chess.com"]
[Date "2024.02.27"]
[Round "9"]
[White "maurovargas01"]
[Black "Orion2127989"]
[Result "0-1"]
[WhiteElo "1836"]
[BlackElo "2142"]
[TimeControl "180+1"]
[EndTime "15:43:58 PST"]
[Termination "Orion2127989 won on time"]

1. e4 c6 2. f4 d5 3. e5 Bf5 4. d3 e6 5. g4 Bg6 6. Nf3 h5 7. g5 Ne7 8. Nh4 Bf5 9. Nxf5 exf5 10. h4 g6 11. Be3 Bg7 12. d4 Nd7 13. Nd2 Nf8 14.
Nf3 Ne6 15. c4 dxc4 16. Bxc4 Nd5 17. Bd2 O-O 18. Bxd5 Qxd5 19. O-O Nxd4 20. Nxd4 Qxd4+ 21. Kg2 Rad8 22. Rf2 Rd5 23. Qe1 Rfd8 24. Bc3 Qc4 25. Rc1 Qxa2 26. Ra1 Qb3 27. Rxa7 Rd1 28. Qe2 Qd5+ 29.
Kg3 Qh1 30. Rg2 Rg1 31. Rxb7 Rdd1 32. Rb8+ Kh7 33. Kf2 Rdf1+ 0-1

[Event "Late-Titled-Tuesday-Blitz-February-27-2024"]
[Site "Chess.com"]
[Date "2024.02.27"]
[Round "9"]
[White "Hikaru"]
[Black "nihalsarin"]
[Result "1-0"]
[WhiteElo "3251"]
[BlackElo "3187"]
[TimeControl "180+1"]
[EndTime "15:43:59 PST"]
[Termination "Hikaru won by resignation"]

1. h3 d5 2. d4 Nf6 3. Bf4 Bf5 4.
e3 e6 5. Bd3 Bg6 6. c4 c5 7. cxd5 Nxd5 8. Bxb8 Qa5+ 9. Qd2 Qxd2+ 10. Kxd2 Rxb8 11. Bxg6 hxg6 12. dxc5 Bxc5 13. Nf3 Ke7 14. Ke2 Rbc8 15. Nbd2 Rc6 16. Rhc1 Rhc8 17. Ne5 R6c7 18. Nd3 Bb6 19. Rxc7+ Rxc7 20. Rc1 Rxc1 21.
Nxc1 g5 22. Nd3 f6 23. e4 Nc7 24. Nc4 Bd4 25. Na5 Kd7 26. Nxb7 e5 27. Na5 Ne6 28. b4 Bb6 29. Nb3 Kc6 30. a4 a6 31.
f3 Bg1 32. Kd2 Bb6 33. Kc3 Be3 34. Kc4 g6 35. Na5+ Kc7 36. Kd5 Kd7 37. Nb3 Nc7+ 38. Kc4 Kc6 39. Nbc5 Kd6 40. Nb3 Kc6 41. Ndc5 Kd6 42.
b5 axb5+ 43. axb5 Na8 44. Na4 f5 45. Kd3 Bg1 46. Na5 Nc7 47. Nc4+ Ke6 48. b6 Na6 49. Na5 Kd7 50. Kc4 Kd6 51. Kb5 Nb8 52. Nc4+ Ke6 53. Nc5+ Kf6 54. g4 fxe4 55. fxe4 Bd4 56. Na5 1-0

[Event "Late-Titled-Tuesday-Blitz-February-27-2024"]
[Site "Chess.com"]
[Date "2024.02.27"]
[Round "9"]
[White "jaskol95"]
[Black "lucasmito"]
[Result "1-0"]
[WhiteElo "2580"]
[BlackElo "2808"]
[TimeControl "180+1"]
[EndTime "15:43:59 PST"]
[Termination "jaskol95 won on time"]

1. e4 e5 2. Nf3 Nc6 3. Bc4 Nf6 4. Ng5 d5 5. exd5 Na5 6. Bb5+ c6 7. dxc6 bxc6 8.
Bd3 Nd5 9. h4 Nf4 10. Bf1 h6 11.
Ne4 Bf5 12. Nbc3 Be7 13. g3 Ne6 14. d3 Nd4 15. Bg2 Qd7 16. Be3 O-O 17. O-O Rab8 18. b3 Bg4 19. f3 Be6 20. Ne2 f5 21. Bxd4 exd4 22. Nf2 Bd6 23. Nh3 c5 24. Nef4 Bf7 25. Re1 Nc6 26. Qd2 Nb4 27. Re2 Qc7 28. Rae1 Nxa2 29.
Ne6 Bxe6 30. Rxe6 Bxg3 31. Re7 Qd8 32. R1e6 Nc3 33. Rxg7+ Kxg7 34. Qxh6+ Kg8 35. Rg6+ Kf7 36. Qg7+ Ke8 37. Re6+ 1-0

[Event "Late-Titled-Tuesday-Blitz-February-27-2024"]
[Site "Chess.com"]
[Date "2024.02.27"]
[Round "9"]
[White "Nf3c5"]
[Black "Nemsko"]
[Result "1-0"]
[WhiteElo "2558"]
[BlackElo "2406"]
[TimeControl "180+1"]
[EndTime "15:43:59 PST"]
[Termination "Nf3c5 won on time"]

1. e4 e5 2. Nf3 Nc6 3. Nc3 Nf6 4. h3 Bc5 5. Nxe5 Nxe5 6. d4 Bxd4 7. Qxd4 d6 8. Be2 O-O 9. O-O Nc6 10. Qd3 h6 11. Qg3 Kh8 12. f4 Nd4 13. Bd3 Nh7 14. Be3 Ne6 15. Rae1 Nc5 16. Bd4 Rg8 17. Nd5 Nxd3 18. cxd3 c6 19. Ne3 f6 20. f5 Qe7 21. Ng4 Bd7 22.
Nh2 Be8 23. Bc3 Ng5 24. Qh4 Nf7 25. Ng4 Kh7 26. d4 Qd8 27. Re3 Ng5 28. Qe1 Bf7 29. e5 dxe5 30. dxe5 fxe5 31. f6 g6 32. h4 Ne6 33. Nxe5 Qc7 34. Nxf7 Qxf7 35. Rxe6 Rge8 36. Re7 Rxe7 37. fxe7 1-0

[Event "Late-Titled-Tuesday-Blitz-February-27-2024"]
[Site "Chess.com"]
[Date "2024.02.27"]
[Round "9"]
[White "rhungaski"]
[Black "becemix"]
[Result "1-0"]
[WhiteElo "2592"]
[BlackElo "2434"]
[TimeControl "180+1"]
[EndTime "15:44:01 PST"]
[Termination "rhungaski won on time"]

1. e4 e5 2. Nf3 Nc6 3. d4 exd4 4. Nxd4 Bb4+ 5. c3 Bc5 6. Be3 Bb6 7. Nf5 g6 8. Bxb6 axb6 9. Ne3 Nf6 10. f3 O-O 11. c4 Re8 12. Nc3 d6 13. Be2 Be6 14. O-O Ne7 15. f4 Bd7 16. e5 Nc6 17. exf6 Rxe3 18. Nd5 Re8 19. f5 Re5 20. Bd3 Rc8 21. Qd2 Qf8 22.
fxg6 hxg6 23. Qf4 Be6 24. Qh4 Bxd5 25. cxd5 Rh5 26. Qg3 Ne5 27. Be2 Rh7 28. Bg4 Re8 29.
Rac1 Qh6 30. Bh3 c6 31. dxc6 bxc6 32. Rcd1 d5 33. Rde1 Qh5 34. Rf5 Nf3+ 35. gxf3 Rxe1+ 36. Qxe1 1-0

[Event "Late-Titled-Tuesday-Blitz-February-27-2024"]
[Site "Chess.com"]
[Date "2024.02.27"]
[Round "9"]
[White "AcostaPablo"]
[Black "KaydenTroffChess"]
[Result "0-1"]
[WhiteElo "2629"]
[BlackElo "2814"]
[TimeControl "180+1"]
[EndTime "15:44:02 PST"]
[Termination "KaydenTroffChess won by resignation"]

1. d4 Nf6 2. c4 g6 3. Nc3 d5 4.
Nf3 Bg7 5. e3 O-O 6. Be2 c5 7.
O-O cxd4 8. Nxd4 Nc6 9. Bf3 dxc4 10. Nxc6 bxc6 11. Bxc6 Rb8 12. Qa4 Ng4 13. Rd1 Qc7 14.
f4 Be6 15. Bf3 Qc5 16. Ne4 Qb6 17. Qa3 Bxb2 18. Bxb2 Qxb2 19. Qxe7 Nxe3 20. Qh4 Nf5 21. Qg5 h6 22. Qg4 Kg7 23. Re1 Qd4+ 24. Kh1 Ne3 25. Qh4 Nc2 26. Rad1 Qb2 27. Re2 Rfd8 28. Rf1 Bf5 29.
Ng3 Bd3 30. f5 Bxe2 31. Bxe2 Qf6 32. Qxc4 Ne3 33. Qf4 Nxf1 34. Ne4 Qxf5 35. Qc1 Qxe4 36. Bxf1 Rb1 37. Qc3+ Kh7 38. Kg1 Rdd1 0-1

[Event "Late-Titled-Tuesday-Blitz-February-27-2024"]
[Site "Chess.com"]
[Date "2024.02.27"]
[Round "9"]
[White "dolynachess"]
[Black "farzadbfd"]
[Result "1/2-1/2"]
[WhiteElo "2493"]
[BlackElo "2681"]
[TimeControl "180+1"]
[EndTime "15:44:04 PST"]
[Termination "Game drawn by repetition"]

1. d4 Nf6 2. c4 e6 3. g3 d5 4. Bg2 Be7 5. Nf3 O-O 6. O-O dxc4 7. Ne5 Nc6 8. Nxc6 bxc6 9. Na3 Rb8 10. Nxc4 c5 11.
Na5 Bd7 12. dxc5 Bxc5 13. Nb7 Qe7 14. Nxc5 Qxc5 15. Be3 Qa5 16. Qc2 Rfc8 17. Rfc1 Nd5 18. Bc5 Bb5 19. a3 Ba4 20. Qb1 Rb3 21. e4 Nc3 22.
Rxc3 Rxc3 23. bxc3 Qxc5 24. Qb4 Qxb4 25. axb4 Bb5 26.
Rxa7 h5 27. Ra5 Be2 28. Rc5 g6 29. h4 Kf8 30. f4 Ke7 31. Kf2 Bd1 32. e5 Kd8 33.
Ke3 Ba4 34. Be4 Rb8 35. Kd4 Rb6 36. Ra5 Bd7 37. Ra8+ Ke7 38. Kc5 Rb5+ 39. Kc4 Rb6 40. Ra7 Kd8 41. Kc5 Rb5+ 42. Kc4 Rb6 43. Ra8+ Ke7 44. Ra7 Kd8 1/2-1/2

[Event "Late-Titled-Tuesday-Blitz-February-27-2024"]
[Site "Chess.com"]
[Date "2024.02.27"]
[Round "9"]
[White "PawnEatingZombie"]
[Black "SocoLoco"]
[Result "0-1"]
[WhiteElo "2166"]
[BlackElo "2216"]
[TimeControl "180+1"]
[EndTime "15:44:04 PST"]
[Termination "SocoLoco won on time"]

1. e4 c5 2. Nc3 Nc6 3. f4 g6 4. Nf3 Bg7 5. a4 d6 6. Bb5 Bd7 7. d3 a6 8. Bxc6 Bxc6 9. a5 e6 10. O-O Ne7 11. d4 cxd4 12. Nxd4 O-O 13. Be3 Rc8 14. f5 exf5 15. exf5 Nxf5 16. Nxf5 gxf5 17. Bd4 Qg5 18. Rf2 Be5 19. Qd3 f4 20. Ne4 Qg6 21. Re1 Rfe8 22. Rfe2 d5 23. Bxe5 dxe4 24. Qd4 Rcd8 25.
Qc3 f3 26. Rf2 Rd5 27. Bg3 f5 28. gxf3 e3 29. Rg2 Rd2 30. Rxe3 Rxg2+ 31. Kxg2 Rxe3 32. Qxe3 h5 33. Qf4 Qe6 34. h4 Kf7 35. Bf2 Qg6+ 36. Kh2 Qf6 37. Qc7+ Kg6 0-1

[Event "Late-Titled-Tuesday-Blitz-February-27-2024"]
[Site "Chess.com"]
[Date "2024.02.27"]
[Round "9"]
[White "BardArtem"]
[Black "JackRodgers"]
[Result "1-0"]
[WhiteElo "2713"]
[BlackElo "2513"]
[TimeControl "180+1"]
[EndTime "15:44:05 PST"]
[Termination "BardArtem won on time"]

1. d4 Nf6 2. c4 c5 3. e3 cxd4 4.
exd4 d5 5. Nc3 g6 6. Qb3 Bg7 7.
cxd5 Nbd7 8. Nf3 O-O 9. d6 exd6 10. Be2 Nb6 11. O-O Be6 12. Qd1 h6 13. Re1 Nbd5 14.
Nxd5 Bxd5 15. Bf4 Qb6 16. b3 Nh5 17. Be3 Nf6 18. Bf4 Nh5 19. Be3 Nf6 20. Nd2 Ne4 21.
Bf3 Nc3 22. Qc2 Bxf3 23. Nxf3 Rac8 24. Rac1 Kh7 25. h3 Rc6 26. d5 Rc5 27. Bxc5 Qxc5 28. Qd3 b5 29. h4 Kg8 30. h5 g5 31. Nd2 b4 32. Ne4 Qb6 33. Ng3 Rc8 34. Nf5 Bf8 35. a4 a5 36. Kf1 Qc5 37. Ne3 Bg7 38. Qc4 Bd4 39. Qxc5 Bxc5 40. Nf5 Ra8 41. Nxh6+ Kf8 42. Nf5 Nxd5 43. Nxd6 Bxd6 44. Rcd1 Nf6 45. Rxd6 Nxh5 46.
Rh6 1-0

[Event "Late-Titled-Tuesday-Blitz-February-27-2024"]
[Site "Chess.com"]
[Date "2024.02.27"]
[Round "9"]
[White "KATPAH"]
[Black "Joachim100x"]
[Result "1-0"]
[WhiteElo "2661"]
[BlackElo "2483"]
[TimeControl "180+1"]
[EndTime "15:44:06 PST"]
[Termination "KATPAH won by resignation"]

1. e4 d5 2. exd5 Qxd5 3. Nc3 Qd6 4. Nf3 c6 5. d4 Nf6 6. Be2 Bf5 7. O-O e6 8. Ne5 Be7 9. Bf4 Qd8 10. g4 Bg6 11. h4 h5 12. g5 Nd5 13. Nxg6 fxg6 14. Nxd5 Qxd5 15. Be5 O-O 16. Qd3 Nd7 17. Qxg6 Nxe5 18.
dxe5 Qxe5 19. Bd3 Bd6 20. Qh7+ Kf7 21. f4 Qe3+ 22. Kg2 Ke7 23. Qxg7+ Rf7 24. Qc3 Rxf4 25. Rxf4 Qxf4 26. Qg7+ Kd8 27. Qf6+ Kc7 28. Qxf4 Bxf4 29. Rf1 Rf8 30. Be2 e5 31. Bxh5 Rg8 32. Kf3 Rd8 33. Rf2 Rd4 34. Re2 Kd6 35. Bg4 Ke7 36. Bf5 Kf7 37.
Kg4 Kg7 38. h5 Bc1+ 39. Re4 Rd2 40. h6+ Kf7 41. g6+ Kf6 42. g7 Rg2+ 43. Kf3 Rg1 44. Rg4 Rf1+ 45. Ke2 Rxf5 46. g8=Q 1-0

[Event "Late-Titled-Tuesday-Blitz-February-27-2024"]
[Site "Chess.com"]
[Date "2024.02.27"]
[Round "9"]
[White "PapaieDudu"]
[Black "HeinichessPY"]
[Result "0-1"]
[WhiteElo "2366"]
[BlackElo "2255"]
[TimeControl "180+1"]
[EndTime "15:44:06 PST"]
[Termination "HeinichessPY won on time"]

1. e4 c5 2. Nf3 Nc6 3. d4 cxd4 4. Nxd4 g6 5. Bh6 Bxh6 6. Nb3 Bg7 7. c3 Nf6 8. N1d2 O-O 9. Be2 d5 10. exd5 Qxd5 11.
O-O Rd8 12. Bf3 Qg5 13. Qe1 Ne5 14. Kh1 Nxf3 15. Nxf3 Qh5 16. Qxe7 Bg4 17. Ne5 Be6 18. f4 Ne4 19. Rf3 Bxe5 20. fxe5 Qxe5 21. Nd4 Rxd4 22. cxd4 Qxd4 23. Raf1 Rf8 24. Rf4 Qd5 25. Qh4 h5 26.
Qe1 f5 27. h4 Rd8 28. Kh2 Qe5 29. Qe3 Bf7 30. Rf3 Re8 31. Qa3 Nf6 32. Kg3 Ne4+ 33. Kh2 Nf6 34. Kg3 Bd5 35. Rf1 Ne4+ 36. Kh3 Nd6 37.
Qg3 Kh7 38. Qg5 Nf7 39. Qg3 Qe3 40. Qxe3 Rxe3+ 41. g3 Be4 42. Rd1 Re2 43. Rd7 Kg7 44. Rxb7 Bxb7 0-1

[Event "Late-Titled-Tuesday-Blitz-February-27-2024"]
[Site "Chess.com"]
[Date "2024.02.27"]
[Round "9"]
[White "xasid81"]
[Black "Piotrek1979"]
[Result "0-1"]
[WhiteElo "2594"]
[BlackElo "2476"]
[TimeControl "180+1"]
[EndTime "15:44:09 PST"]
[Termination "Piotrek1979 won by resignation"]

1. b3 d5 2. Bb2 Nf6 3. Nf3 Bf5 4. e3 e6 5. Be2 h6 6. O-O Be7 7. c4 O-O 8. cxd5 exd5 9. Nc3 c6 10. Re1 Re8 11. Bf1 Nbd7 12. d4 Bd6 13. g3 Bb4 14. a3 Bd6 15. Bg2 a5 16. Rc1 Qe7 17. Ra1 Ne4 18. Nxe4 Bxe4 19. Nd2 Bxg2 20. Kxg2 Nf6 21.
Qf3 Qe6 22. h3 h5 23. Rh1 g6 24. Bc3 Ne4 25. Nxe4 dxe4 26. Qd1 Bc7 27. b4 a4 28. g4 h4 29. Rc1 Red8 30. Qe2 Rd5 31. Bb2 Bd6 32. f4 exf3+ 33. Qxf3 Re8 34. Rce1 f5 35.
Rhf1 Bg3 36. Re2 Bc7 37. Kh1 Qd6 38. Rg2 Rf8 39. gxf5 Rdxf5 40. Qxf5 Rxf5 41. Rxf5 Qe6 42. Rf3 Bg3 43. Rgxg3 hxg3 44. Rxg3 Qe4+ 45. Kh2 Kf7 46. h4 Ke6 47. Kh3 Qh1+ 48. Kg4 Qd1+ 49. Kh3 Qc2 50. Rg2 Qf5+ 51. Kh2 Qe4 52. Bc1 Qxh4+ 53. Kg1 Qe1+ 54.
Kh2 Qxc1 55. Rxg6+ Kf5 56. Rg1 Qxe3 0-1

[Event "Late-Titled-Tuesday-Blitz-February-27-2024"]
[Site "Chess.com"]
[Date "2024.02.27"]
[Round "9"]
[White "Firouzja2003"]
[Black "Sanan_Sjugirov"]
[Result "1-0"]
[WhiteElo "3069"]
[BlackElo "2972"]
[TimeControl "180+1"]
[EndTime "15:44:10 PST"]
[Termination "Firouzja2003 won by checkmate"]

1. d4 d5 2. Bg5 h6 3. Bh4 c6 4. e3 Qb6 5. b3 e5 6. Nf3 e4 7.
Nfd2 Ne7 8. Bg3 Nf5 9. Bf4 Nd7 10.
h3 Be7 11. c4 O-O 12. Nc3 Nf6 13. Be2 Be6 14. O-O Qd8 15. c5 Qd7 16. b4 Nh4 17.
Bg3 Nf5 18. Bh2 Nh4 19. Kh1 Nh7 20. b5 Ng5 21. Rb1 Bd8 22. Rg1 Ba5 23. Qc1 Rac8 24. bxc6 bxc6 25. Ba6 Bxh3 26. gxh3 Nxh3 27. Rf1 Qg4 28.
Bg3 Nxf2+ 29. Rxf2 Qxg3 30. Qf1 Bxc3 31. Bxc8 Bxd2 32. Rxd2 Nf3 33. Qh3 Qc7 34. Rg2 Qxc8 35. Qxh6 g6 36. Rg3 Qf5 37. Rh3 Rd8 38. Qh8# 1-0

[Event "Late-Titled-Tuesday-Blitz-February-27-2024"]
[Site "Chess.com"]
[Date "2024.02.27"]
[Round "9"]
[White "chessdjw"]
[Black "TenisMaster"]
[Result "1-0"]
[WhiteElo "2779"]
[BlackElo "2917"]
[TimeControl "180+1"]
[EndTime "15:44:11 PST"]
[Termination "chessdjw won on time"]

1. d4 Nf6 2. c4 e6 3. Nc3 Bb4 4. e3 O-O 5. Nf3 d5 6. Bd2 b6 7. cxd5 exd5 8. Rc1 Re8 9. Nb5 Bxd2+ 10.
Nxd2 c6 11. Nc3 Bf5 12. Be2 Nbd7 13. O-O Re6 14. b4 h5 15. Qb3 b5 16. a4 a6 17. a5 Ng4 18. h3 Qg5 19. Nxd5 cxd5 20.
Qxd5 Rd8 21. hxg4 hxg4 22. Bd3 Ne5 23. Qxd8+ Qxd8 24. Bxf5 Rc6 25. dxe5 Qc7 26. Rxc6 Qxc6 27. Ne4 g6 28. Nf6+ Kg7 29. Bxg4 Qc4 30. Rd1 Qxb4 31.
Bf3 Qxa5 32. g4 b4 33. g5 b3 34. Rd5 Qc7 35. Be4 Qc8 36. Kg2 b2 37. Rd7 Qc4 38.
Rd8 Qxe4+ 39. Nxe4 b1=Q 40. Nf6 Qb7+ 41. Kg3 1-0

[Event "Late-Titled-Tuesday-Blitz-February-27-2024"]
[Site "Chess.com"]
[Date "2024.02.27"]
[Round "9"]
[White "TomsKantans"]
[Black "Matalon"]
[Result "1-0"]
[WhiteElo "2686"]
[BlackElo "2470"]
[TimeControl "180+1"]
[EndTime "15:44:12 PST"]
[Termination "TomsKantans won by resignation"]

1. e4 c5 2. Nf3 d6 3. Bb5+ Bd7 4. a4 Nc6 5. O-O Nf6 6. Re1 e6 7. d3 Be7 8. e5 Nxe5 9. Nxe5 dxe5 10. Rxe5 a6 11.
Bxd7+ Nxd7 12. Re1 Bf6 13. Nd2 Qc7 14. a5 O-O 15.
Nc4 b5 16. axb6 Nxb6 17. Nxb6 Qxb6 18. Ra2 Rfd8 19. b3 Bc3 20. Bd2 Bd4 21. Ba5 Qd6 22. Bxd8 Rxd8 23. Qf3 a5 24. g3 g6 25. h4 h5 26. Re4 Kg7 27. Rxa5 e5 28. Ra7 Rf8 29. Re1 c4 30. Rb7 c3 31. Ra1 Qe6 32. Kg2 Kh6 33. Ra5 f5 34. Qd5 Qf6 35. Qd7 Rh8 36. Ra8 f4 37.
Rxh8+ Qxh8 38. Qf7 fxg3 39. fxg3 Be3 40. Kh2 Bd2 41.
Re7 e4 42. dxe4 Be3 43. Re6 Qh7 44. Qxh7+ Kxh7 45. b4 1-0

[Event "Late-Titled-Tuesday-Blitz-February-27-2024"]
[Site "Chess.com"]
[Date "2024.02.27"]
[Round "9"]
[White "chessydotcom"]
[Black "GlavkonVVS"]
[Result "0-1"]
[WhiteElo "2322"]
[BlackElo "2528"]
[TimeControl "180+1"]
[EndTime "15:44:12 PST"]
[Termination "GlavkonVVS won by resignation"]

1. e4 Nf6 2. e5 Nd5 3. d4 d6 4. c4 Nb6 5. f4 dxe5 6. fxe5 c5 7. d5 g6 8. Bf4 Bg7 9. Bd3 O-O 10. Nf3 Bg4 11. O-O e6 12. d6 Nc6 13. Re1 Nd7 14.
Be2 Bxf3 15. Bxf3 Ndxe5 16. Nc3 Nxf3+ 17. Qxf3 e5 18. Bg3 Qxd6 19. Rad1 Qe6 20. Nd5 Rad8 21. Qa3 b6 22. Qf3 Nd4 23. Qc3 Rfe8 24. Bh4 f6 25. Qd3 Qf7 26. Rf1 Nf5 27. Bxf6 Bxf6 28.
g4 e4 29. Qh3 Bd4+ 30. Kh1 Rxd5 31. cxd5 e3 32. Rde1 Qxd5+ 33. Qf3 Qxf3+ 34. Rxf3 Nd6 35. Kg2 Nc4 36. b3 Nd2 37. Rf4 Kg7 38. Re2 Ne4 39. Kf3 Nc3 40. b4 Nxe2 41. Kxe2 Rf8 42. Re4 Rf2+ 43.
Ke1 Bc3+ 44. Kd1 Rd2+ 45. Kc1 Bd4 46. bxc5 bxc5 47. Re7+ Kf6 48. Re4 Rxa2 0-1

[Event "Late-Titled-Tuesday-Blitz-February-27-2024"]
[Site "Chess.com"]
[Date "2024.02.27"]
[Round "9"]
[White "venturov"]
[Black "manitodeplomo"]
[Result "1-0"]
[WhiteElo "2479"]
[BlackElo "2654"]
[TimeControl "180+1"]
[EndTime "15:44:14 PST"]
[Termination "venturov won by resignation"]

1. e4 g6 2. d4 Bg7 3. Nf3 c5 4. d5 d6 5. Be2 Nf6 6. Nc3 O-O 7. O-O Na6 8. Re1 Nc7 9. h3 a6 10. a4 Rb8 11. a5 b5 12. axb6 Rxb6 13. Nd2 Bd7 14.
Nc4 Rb8 15. Bf4 Bb5 16. e5 Bxc4 17. Bxc4 Nh5 18. Bh2 Bxe5 19. Bxe5 dxe5 20. Rxe5 Rxb2 21. Rxh5 gxh5 22. Qxh5 Qd6 23. Bd3 h6 24. Ra4 Rb4 25.
Rxb4 cxb4 26. Ne4 Qf4 27. g3 Qc1+ 28. Kg2 Rd8 29. Qg4+ Kf8 30. d6 Rxd6 31. Nxd6 exd6 32. Qc8+ Ne8 33. Bxa6 Qg5 34. Bb7 Qc5 35. Bc6 Qxc2 36. Qxe8+ Kg7 37. Bd5 Qf5 38. Qb5 Qe5 39. Qb7 Qf5 40.
Be4 Qe6 41. Qxb4 d5 42. Qc3+ Kg8 43. Bf3 Qd6 44. Qd4 1-0